 Dungeon Crawl Stone Soup version 0.32-a0-471-gb91d5d9764 (webtiles) character file.

Game seed: 1077622718100087418

46412 PsychicFrog the Thaumaturge (level 14, -4/110 HPs)
             Began as a Mummy Summoner on Feb 25, 2024.
             Was a High Priest of Kikubaaqudgha.
             Shot with a bolt by Saint Roka (31 damage)
             ... on level 2 of the Orcish Mines.
             The game lasted 00:37:49 (19956 turns).

PsychicFrog the Thaumaturge (Mummy Summoner)       Turns: 19956, Time: 00:37:49

Health: -4/110     AC: 10    Str: 10 (11) XL:     14   Next: 4%
Magic:  10/32      EV: 18    Int: 25      God:    Kikubaaqudgha [*****.]
Gold:   1777       SH:  5    Dex: 13      Spells: 18/41 levels left

rFire   . . .        W - +2 rapier (protect)
rCold   + . .        (no shield)
rNeg    + + +        z - +3 leather armour {rF+}
rPois   ∞            M - +0 helmet
rElec   .            g - +0 cloak
rCorr   .            d - +0 pair of gloves
SInv    .            B - +0 pair of boots
Will    +....        e - amulet of reflection
Stlth   ++           q - +6 ring of intelligence
HPRegen 0.38/turn    t - +5 ring of evasion
MPRegen 0.23/turn

%: reflection, faith
@: animating dead, unable to call your familiar
A: cold resistance 1, negative energy resistance 3, torment resistance 2, heat
vulnerability 1, in touch with death 2, no potions, faith
a: Renounce Religion, Unearth Wretches, Torment


You were on level 2 of the Orcish Mines.
You worshipped Kikubaaqudgha.
Kikubaaqudgha was extremely pleased with you.
You visited 4 branches of the dungeon, and saw 19 of its levels.
You also visited: Bailey.

You collected 1777 gold pieces.

Inventory:

Hand Weapons
 l - a +0 rapier
 W - a +2 rapier of protection (weapon)
Missiles
 E - 7 throwing nets
 O - 5 curare-tipped darts
Armour
 d - a +0 pair of gloves (worn)
 g - a +0 cloak (worn)
 w - a +2 robe of willpower
 z - a +3 leather armour of fire resistance (worn)
 B - a +0 pair of boots (worn)
 K - the +1 cloak of the Lair of Beasts {-Tele Regen+ rCorr}
   (You found it on level 8 of the Dungeon)

   -Tele:     It prevents most forms of teleportation.
   Regen+:    It increases your rate of health regeneration.
   rCorr:     It protects you from acid and corrosion.
 M - a +0 helmet (worn)
 P - +0 swamp dragon scales
 T - +0 steam dragon scales
Jewellery
 a - a +6 ring of intelligence
 e - an amulet of reflection (around neck)
 q - a +6 ring of intelligence (left hand)
 t - a +5 ring of evasion (right hand)
 x - a +6 ring of strength
 y - a ring of willpower
 D - a ring of resist corrosion
 F - a ring of flight
 I - a +6 ring of intelligence
 Q - a +6 ring of strength
 S - a ring of ice
 V - an amulet of regeneration
Wands
 c - a wand of light (6)
 i - a wand of iceblast (3)
 m - a wand of flame (39)
 v - a wand of digging (5)
 A - a wand of mindburst (31)
 N - a wand of charming (9)
Scrolls
 b - 5 scrolls of fog {@r2}
 f - a scroll of brand weapon
 h - 2 scrolls of revelation {@r5}
 j - 4 scrolls of enchant armour
 k - 4 scrolls of teleportation {unknown}
 n - a scroll of amnesia
 o - 3 scrolls of immolation
 p - 4 scrolls of noise {unknown}
 r - 2 scrolls of enchant weapon
 s - a scroll of torment
 u - a scroll of vulnerability {!r}
 H - 3 scrolls of fear {unknown}
 J - 4 scrolls of identify {@r1}
 L - a scroll of blinking {@r4}
 U - a scroll of poison {unknown}
Miscellaneous
 C - a sack of spiders
 G - a phantom mirror
 R - a lightning rod (4/4)


   Skills:
 - Level 10.0 Fighting
 - Level 5.0 Dodging
 - Level 1.5 Stealth
 - Level 14.0 Spellcasting
 - Level 5.0 Hexes
 - Level 11.0 Summonings
 + Level 13.3 Necromancy


You had 18 spell levels left.
You knew the following spells:

 Your Spells              Type           Power      Damage    Failure   Level
a - Animate Dead          Necr           100%       N/A       1%          4
b - Anguish               Hex/Necr       48%        N/A       1%          4
c - Call Canine Familiar  Summ           64%        N/A       1%          3
d - Martyr's Knell        Necr/Summ      100%       N/A       1%          4
i - Summon Ice Beast      Ice/Summ       45%        N/A       1%          3
l - Summon Lightning Spi  Summ/Air       45%        N/A       4%          4
s - Summon Small Mammal   Summ           100%       N/A       1%          1

Your spell library contained the following spells:

 Spells                   Type           Power      Damage    Failure   Level
 Kiss of Death            Conj/Necr      100%       2d13      1%          1
 Necrotise                Necr           100%       1d9       1%          1
 Slow                     Hex            100%       N/A       1%          1
 Call Imp                 Summ           100%       N/A       1%          2
 Cigotuvi's Dreadful Rot  Necr/Alch/Air  100%       N/A       1%          2
 Jinxbite                 Hex            84%        N/A       1%          2
 Confusing Touch          Hex            42%        N/A       1%          3
 Fugue of the Fallen      Necr           100%       N/A       1%          3
 Sigil of Binding         Hex            42%        N/A       1%          3
 Tukima's Dance           Hex            42%        N/A       1%          3
 Vampiric Draining        Necr           100%       2d13      1%          3
 Dispel Undead            Necr           100%       3d31      1%          4
 Curse of Agony           Necr           100%       N/A       1%          5
 Ensorcelled Hibernation  Hex/Ice        60%        N/A       2%          2
 Summon Blazeheart Golem  Fire/Summ      45%        N/A       4%          4
 Static Discharge         Conj/Air       34%        3-5/arc   7%          2
 Ozocubu's Armour         Ice            17%        N/A       13%         3
 Dimensional Bullseye     Hex/Tloc       15%        N/A       16%         4
 Airstrike                Air            8%         2d(2-18)  41%         4
 Iskenderun's Mystic Bla  Conj/Tloc      17%        2d5       41%         4
 Manifold Assault         Tloc           17%        N/A       41%         4
 Yara's Violent Unravell  Hex/Alch       15%        3d8       41%         5
 Enfeeble                 Hex            21%        N/A       99%         7
 Sculpt Simulacrum        Ice/Alch       8%         N/A       100%        6


Dungeon Overview and Level Annotations

Branches:
Dungeon (11/15)            Temple (1/1) D:5            Lair (5/5) D:10
  Swamp (0/4) Lair:2       Spider (0/4) Lair:3        Slime (0/5) Lair:4
    Orc (2/2) D:9             Elf (0/3) Orc:2        Bailey (visited)

Altars:
Ashenzari
Cheibriados
Dithmenos
Fedhas
Gozag
Hepliaklqana
Kikubaaqudgha
Makhleb
Nemelex Xobeh
Okawaru
Qazlal
Ru
Sif Muna
Trog
Uskayaw
Vehumet
Wu Jian
Xom
Yredelemnul
Jiyva

Shops:
Orc:2 [

Annotations:
Orc:2 Saint Roka


Innate Abilities, Weirdness & Mutations

You are immune to poison.
Your flesh is cold resistant. (rC+)
You are immune to negative energy. (rN+++)
You are immune to unholy pain and torment.
You are vulnerable to heat. (rF-)
You are strongly in touch with the powers of death.
You do not drink.
You have a special connection with the divine. (Faith)


Message History

The bolt of electricity hits the orc priest!
The bolt of electricity hits Saint Roka.
The bolt of electricity hits your orc zombie.
Kikubaaqudgha accepts your kill.
You feel a bit more experienced.
An orc comes into view. It is wielding a +0 trident.
Saint Roka hits your inugami with a +3 long sword of flaming!!
Saint Roka burns your inugami.
Your inugami dies!
Your inugami disappears in a puff of smoke!
Saint Roka is wracked by anguish.
The warg bites your lightning spire but does no damage.
Your ice beast hits the warg.
Your ice beast freezes the warg!
The warg barely misses your ice beast. The warg bites your ice beast.
Your ice beast barely misses the warg.
The warg bites your ice beast!
Your ice beast closely misses the warg.
The warg bites your ice beast but does no damage.
The warg bites your ice beast.
The orc priest calls down the wrath of Beogh upon your lightning spire.
Your lightning spire is smitten.
Your ice beast barely misses the warg.
The orc priest no longer looks unusually strong.
The warg misses your ice beast. Something barely misses your ice beast.
Your ice beast hits the warg but does no damage.
Your lightning spire shoots out a bolt of lightning at the orc priest!
The bolt of electricity hits the orc priest!
The orc priest dies!
Kikubaaqudgha accepts your kill.
The dead are walking!
The warg barely misses something.
Saint Roka mumbles some strange prayers to Beogh against you.
Beogh smites you!
* * * LOW HITPOINT WARNING * * *
Saint Roka is wracked by anguish!
The warg bites something!
Saint Roka unwields a +3 long sword of flaming.
It stops flaming.
Saint Roka wields a +0 arbalest.
Saint Roka shoots a bolt.
The bolt hits you!!
You die...
Saint Roka roars, "Praise to Beogh!"
Kikubaaqudgha rasps: You have failed me!
Welcome... oblivion!

..P.......#......#...#...# #
..P.................##...##.##
......#.......#.....#........#
......#.)))....#.......#.##.##
...........).......ZI....#.###
...................o.hY.....#.
.......)...........$#.$......#
.............#.....###........
........<...)@....####.o..P...
.....#..))........###..o.o....
.........)..........#..Z.o....
#........)).........oP..Z.∩...
#.......)..)#)..).#...........
........).)#...)).#.......ß...
...#..........)).#.)#.PP.....
#.####.......)...)..#.....P..
.# #..>.............###......


You could see Saint Roka (anguished), an orc warrior (strong, ally target), a
friendly lightning spire (summoned) and a friendly orc priest zombie.

Vanquished Creatures
  An orc knight (Orc:2)
  An elephant (Lair:5)
  A basilisk (Lair:5)
  2 yaks
  An orc warrior (Orc:2)
  A hound (D:6)
  An orc priest (D:3)
  A dart slug (D:1)
  6 orcs
  3 ball pythons
  7 bats
  3 endoplasms (D:2)
  2 goblins
  A hobgoblin (D:3)
  4 kobolds
  A frilled lizard (D:3)
  A rat (D:3)
37 creatures vanquished.

Vanquished Creatures (collateral kills)
  Snorg (Orc:1)
  3 hydras
  A merfolk avatar (Lair:5)
  A centaur warrior (D:9)
  A boulder beetle (Lair:2)
  A two-headed ogre (D:10)
  2 death yaks (Lair:3)
  A skyshark (Lair:5)
  A sea snake (Lair:5)
  A goliath frog (Lair:2)
  A deep elf pyromancer (D:10)
  An ugly thing (D:11)
  2 orc sorcerers (Orc:2)
  2 gargoyles
  Joseph (D:7)
  An elephant (Lair:3)
  A torpor snail (Lair:5)
  Maggie (D:10)
  6 cane toads
  3 rime drakes (Lair:2)
  6 komodo dragons
  2 polar bears (Lair:1)
  4 trolls
  7 blink frogs
  3 dream sheep (Lair:5)
  2 slime creatures (Lair:4)
  2 culicivoras (Lair:3)
  2 wyverns
  A golden eye (shapeshifter) (D:9)
  29 yaks
  A basilisk (Lair:2)
  2 steam dragons
  Duvessa (D:5)
  14 water moccasins
  11 orc warriors
  An ice beast (D:7)
  A sky beast (D:7)
  A black bear (D:6)
  3 ogres
  A swamp drake (Lair:2)
  13 wolves
  3 centaurs (D:9)
  2 phantoms (D:7)
  A nameless horror (D:9)
  2 kobold brigands
  8 bullfrogs
  9 gnoll sergeants
  3 scorpions
  Dowan (D:5)
  9 killer bees
  6 howler monkeys
  A bombardier beetle (D:6)
  4 hounds
  6 orc priests
  4 jellies
  6 gnoll boudas
  4 sleepcaps
  5 iguanas
  12 orc wizards
  32 gnolls
  4 adders
  2 shadow imps
  2 white imps
  2 ufetubi (D:7)
  2 dart slugs
  52 orcs
  5 ball pythons
  5 bats
  2 endoplasms
  4 giant cockroaches
  10 goblins
  3 hobgoblins
  2 jackals (D:3)
  A quokka (D:1)
  5 frilled lizards
  14 kobolds
  4 rats
376 creatures vanquished.

Vanquished Creatures (others)
  An orc warlord (Orc:2)
  A death yak (Lair:3)
  2 orc high priests (Orc:2)
  2 skysharks
  A sea snake (Lair:5)
  2 orc knights
  An orc sorcerer (Orc:2)
  5 elephants
  A cane toad (Lair:3)
  A sea snake zombie (Lair:5)
  A rime drake (Lair:4)
  6 komodo dragons
  A troll (Orc:2)
  2 polar bears (Lair:5)
  A blink frog (Lair:4)
  2 dream sheep (Lair:5)
  A snapping turtle (Lair:5)
  8 yaks
  2 basilisks
  2 steam dragons (Lair:5)
  3 orc warriors
  6 elephant zombies
  A blink frog zombie (Lair:4)
  A wolf (Lair:5)
  3 komodo dragon zombies
  2 bullfrogs
  2 water moccasin zombies
  A troll zombie (Orc:2)
  5 yak zombies
  2 bullfrog zombies
  An orc priest (Orc:1)
  An orc wizard (Orc:2)
  2 steam dragon zombies (Lair:5)
  18 orc zombies
  2 orcs (Orc:2)
93 creatures vanquished.

Grand Total: 506 creatures vanquished

Notes
Turn   | Place    | Note
-------+----------+-------------------------------------------
     0 | D:1      | PsychicFrog the Mummy Summoner began the quest for the Orb.
     0 | D:1      | Reached XP level 1. HP: 13/13 MP: 4/4
   111 | D:1      | Got Sif Muna's Guidebook on Algor
   231 | D:1      | Reached skill level 3 in Spellcasting
   299 | D:1      | Reached XP level 2. HP: 19/19 MP: 4/6
  1275 | D:2      | Reached XP level 3. HP: 24/24 MP: 4/7
  2145 | D:2      | Learned a level 3 spell: Call Canine Familiar
  2149 | D:2      | Learned a level 3 spell: Summon Ice Beast
  2200 | D:3      | Reached XP level 4. HP: 30/30 MP: 4/9
  2336 | D:3      | Reached skill level 4 in Spellcasting
  2524 | D:3      | Reached XP level 5. HP: 35/35 MP: 5/11
  3172 | D:4      | Reached skill level 5 in Summonings
  3198 | D:4      | Noticed an ogre
  3206 | D:4      | Killed an ogre
  3207 | D:4      | Reached skill level 5 in Spellcasting
  3207 | D:4      | Reached XP level 6. HP: 41/41 MP: 5/13
  4011 | D:5      | Entered Level 5 of the Dungeon
  4011 | D:5      | Noticed Duvessa
  4011 | D:5      | Noticed Dowan
  4026 | D:5      | Killed Dowan
  4028 | D:5      | Killed Duvessa
  4029 | D:5      | Reached XP level 7. HP: 44/46 MP: 6/15
  4097 | D:5      | Reached skill level 6 in Spellcasting
  4577 | D:5      | Found a staircase to the Ecumenical Temple.
  4665 | D:5      | Reached skill level 7 in Spellcasting
  4665 | D:5      | Reached XP level 8. HP: 38/52 MP: 10/18
  5108 | Temple   | Entered the Ecumenical Temple
  5471 | D:6      | Reached skill level 8 in Spellcasting
  6280 | D:7      | Reached XP level 9. HP: 57/57 MP: 14/21
  6463 | D:7      | Found a flagged portal.
  6494 | Bailey   | Entered a bailey
  6569 | Bailey   | Learned a level 4 spell: Summon Lightning Spire
  6619 | Bailey   | Reached skill level 9 in Spellcasting
  6930 | Bailey   | Reached skill level 10 in Summonings
  7029 | Bailey   | Reached skill level 10 in Spellcasting
  7334 | Bailey   | Identified the +1 leather armour "Zauptema" {Harm rPois
                  | rCorr Str-2}
  7605 | D:7      | Noticed Joseph
  7614 | D:7      | Killed Joseph
  7615 | D:7      | Reached XP level 10. HP: 39/63 MP: 20/24
  7703 | D:7      | Found a sacrificial altar of Ru.
  7730 | D:7      | Found an ancient bone altar of Kikubaaqudgha.
  7883 | D:7      | Became a worshipper of Kikubaaqudgha
  8149 | D:8      | Reached skill level 11 in Spellcasting
  8152 | D:8      | Reached * piety under Kikubaaqudgha
  8152 | D:8      | Received a gift from Kikubaaqudgha
  8269 | D:8      | You fall into a shaft and drop 2 floors!
  8269 | D:10     | Entered Level 10 of the Dungeon
  8290 | D:10     | Reached skill level 12 in Spellcasting
  8606 | D:8      | Identified the +1 cloak of the Lair of Beasts {-Tele Regen+
                  | rCorr}
  8974 | D:9      | Reached ** piety under Kikubaaqudgha
  9039 | D:9      | Reached skill level 13 in Spellcasting
  9107 | D:9      | Found a staircase to the Orcish Mines.
  9216 | D:9      | Noticed a gargoyle
  9218 | D:9      | a queen bee changed into an entropy weaver
  9218 | D:9      | Noticed an entropy weaver (shapeshifter)
  9251 | D:9      | an entropy weaver changed into a wolf
  9278 | D:9      | a hornet changed into a harpy
  9278 | D:9      | Noticed a harpy (shapeshifter)
  9547 | D:9      | Noticed a centaur warrior
  9556 | D:9      | Killed a centaur warrior
  9557 | D:9      | Reached skill level 14 in Spellcasting
  9666 | D:9      | Noticed an anaconda
  9676 | D:9      | an anaconda changed into a golden eye
  9680 | D:9      | Reached XP level 11. HP: 48/69 MP: 20/29
 10167 | D:10     | Reached skill level 1 in Fighting
 10167 | D:10     | Reached skill level 1 in Necromancy
 10360 | D:10     | Noticed a deep elf pyromancer
 10373 | D:10     | Killed a deep elf pyromancer
 10455 | D:10     | Noticed Maggie
 10474 | D:10     | Killed Maggie
 10761 | D:10     | Noticed a two-headed ogre
 10773 | D:10     | Killed a two-headed ogre
 10959 | D:10     | Found a staircase to the Lair.
 11283 | D:10     | Learned a level 4 spell: Animate Dead
 11288 | D:10     | Learned a level 4 spell: Anguish
 11337 | D:11     | Noticed a red ugly thing
 11350 | D:11     | Killed a red ugly thing
 11370 | D:11     | Reached skill level 1 in Hexes
 11390 | Lair:1   | Entered Level 1 of the Lair of Beasts
 12157 | Lair:1   | Identified the +4 flail of Upheaval {freeze, *Slow rElec
                  | rC+ Dex+3}
 12376 | Lair:1   | Reached skill level 5 in Fighting
 12376 | Lair:1   | Reached skill level 5 in Necromancy
 12940 | Lair:2   | Noticed a seven-headed hydra
 12945 | Lair:2   | Killed a seven-headed hydra
 12945 | Lair:2   | Reached *** piety under Kikubaaqudgha
 12945 | Lair:2   | Received a gift from Kikubaaqudgha
 13210 | Lair:2   | Found a staircase to the Swamp.
 13210 | Lair:2   | Noticed a goliath frog
 13360 | Lair:2   | Noticed a boulder beetle
 13368 | Lair:2   | Killed a boulder beetle
 13369 | Lair:2   | Reached XP level 12. HP: 70/87 MP: 19/30
 13909 | Lair:2   | Learned a level 4 spell: Martyr's Knell
 13916 | Lair:3   | Noticed a five-headed hydra
 13922 | Lair:3   | Killed a five-headed hydra
 14028 | Lair:3   | Found a hole to the Spider Nest.
 14297 | Lair:3   | Noticed a death yak
 14298 | Lair:3   | Noticed a death yak
 14300 | Lair:3   | Noticed a death yak
 14310 | Lair:3   | Killed a death yak
 14311 | Lair:3   | Reached skill level 5 in Dodging
 14311 | Lair:3   | Reached skill level 5 in Hexes
 14314 | Lair:3   | Killed a death yak
 14330 | Lair:3   | Killed a death yak
 14330 | Lair:3   | Reached **** piety under Kikubaaqudgha
 15763 | Lair:4   | Found a staircase to the Slime Pits.
 15764 | Lair:4   | Found a viscous altar of Jiyva.
 16026 | Lair:4   | Gained mutation: You are strongly in touch with the powers
                  | of death. [Mummy growth]
 16026 | Lair:4   | Reached XP level 13. HP: 99/99 MP: 17/31
 16675 | Lair:5   | Entered Level 5 of the Lair of Beasts
 17365 | Lair:5   | Reached skill level 10 in Necromancy
 17444 | Lair:5   | Reached ***** piety under Kikubaaqudgha
 17449 | Lair:5   | Reached skill level 10 in Fighting
 18096 | Lair:5   | Identified the +6 chain mail of Hedge Wizardry {rElec
                  | Dex+2}
 18841 | Orc:1    | Entered Level 1 of the Orcish Mines
 18853 | Orc:1    | Noticed Snorg
 18860 | Orc:1    | Killed Snorg
 19200 | Orc:2    | Entered Level 2 of the Orcish Mines
 19304 | Orc:2    | Found a staircase to the Elven Halls.
 19417 | Orc:2    | Noticed an orc warlord
 19425 | Orc:2    | Killed an orc warlord
 19818 | Orc:2    | Found Enytaisudi's Antique Armour Shop.
 19843 | Orc:2    | Reached XP level 14. HP: 110/110 MP: 24/32
 19940 | Orc:2    | Noticed Saint Roka
 19956 | Orc:2    | Shot with a bolt by Saint Roka

Illustrated notes

Levels and vault maps discovered:
D:1:      wander_arrival_chamber, layout_basic
D:2:      layout_basic, hangedman_decor_points, minmay_pentomino_w4
D:3:      layout_basic, grunt_decor_cap
D:4:      layout_gridville
D:5:      layout_basic, minmay_temple_entry_hall, uniq_duvessa
D:6:      layout_cave_pools
D:7:      layout_rooms, mainiacjoe_overflow_two_lobes, elyvilon_altar_1,
          enter_bailey_3, chequers_arboretum, uniq_joseph
D:8:      layout_rooms, minmay_orc_keep
D:9:      minmay_curly_fans, layout_basic, grunt_ministairs_5
D:10:     layout_irregular_city, lair_entry_dummy, uniq_maggie
D:11:     layout_roguey, kennysheep_nub, uniq_erica
Temple:   compressed_dpeg_triangle_lava_temple
Lair:1:   layout_long_grid, minivault_19, serial_bayou_shore_b
Lair:2:   layout_cave_shapes, mainiacjoe_swamp_entry_lozenge_pond,
          grunt_megastairs_3
Lair:3:   layout_chaotic_city, hellmonk_spider_entry_life_and_decay
Lair:4:   layout_gridlike, minmay_slime_entry_pillars, grunt_megastairs_5
Lair:5:   gammafunk_lair_ancient_temple, layout_regular_city, lemuel_fruit_tree
Orc:1:    layout_caves, nicolae_orc_stony_grotto, uniq_snorg
Orc:2:    grunt_orc_gardens, layout_caves, grunt_orc_garden, grunt_orc_garden,
          grunt_orc_garden, grunt_orc_garden, uniq_rupert, uniq_maurice,
          uniq_saint_roka

Skill      XL: |  1  2  3  4  5  6  7  8  9 10 11 12 13 |
---------------+----------------------------------------+-----
Spellcasting   | 3 4 5 7 8 10 14 | 14.0
Summonings     | 4 5 6 7 8 10 11 | 11.0
Fighting       | 5 8 10 | 10.0
Necromancy     | 5 8 13 | 13.3
Hexes          | 3 5 |  5.0
Dodging        | 3 5 |  5.0
Stealth        | |  1.5

Action                     |  1- 3 |  4- 6 |  7- 9 | 10-12 | 13-15 || total
---------------------------+-------+-------+-------+-------+-------++-------
  Melee: Unarmed           |    18 |       |       |       |       ||    18
         Rapier            |    40 |    62 |    66 |    83 |   116 ||   367
   Cast: Summon Small Mamm |    75 |    18 |    43 |    10 |       ||   146
         Call Canine Famil |     1 |    18 |    32 |    65 |    23 ||   139
         Summon Ice Beast  |       |     7 |    33 |    51 |    19 ||   110
         Summon Lightning  |       |       |    10 |    42 |    11 ||    63
         Anguish           |       |       |       |    28 |    56 ||    84
         Animate Dead      |       |       |       |     7 |    10 ||    17
         Martyr's Knell    |       |       |       |     5 |    23 ||    28
  Evoke: Wand              |       |     1 |     1 |       |     1 ||     3
    Use: Scroll            |       |       |     4 |     6 |       ||    10
   Stab: Invisible         |       |     2 |       |       |     1 ||     3
         Distracted        |       |       |     1 |     2 |     6 ||     9
 Armour: Robe              |    52 |    25 |       |       |       ||    77
         Leather armour    |       |       |    61 |   103 |    79 ||   243
  Dodge: Dodged            |    51 |    59 |   121 |   150 |   101 ||   482
  Block: Other             |    24 |    22 |    29 |    52 |    29 ||   156
         Reflection        |     1 |       |     3 |     2 |     1 ||     7

Table legend: (Time is in decaauts)
 A = Elapsed time spent in this place.
 B = Non-inter-level travel time spent in this place.
 C = Inter-level travel time spent in this place.
 D = Time resting spent in this place.
 E = Time spent auto-exploring this place.
 F = Levels seen in this place.
 G = Mean time per level.
                   A        B        C        D        E       F      G
               +--------+--------+--------+--------+--------+-----+--------+
         Total |  20069 |  18978 |   1091 |   1785 |  13870 |  20 | 1003.5 |
       Dungeon |  10704 |   9968 |    736 |    280 |   7752 |  11 |  973.1 |
        Temple |      1 |      0 |      1 |      0 |      0 |   1 |    1.0 |
          Lair |   7310 |   6986 |    324 |    996 |   5026 |   5 | 1462.0 |
  Orcish Mines |   1121 |   1092 |     29 |    397 |    488 |   2 |  560.5 |
        Bailey |    930 |    930 |      0 |    112 |    603 |   1 |  930.0 |
               +--------+--------+--------+--------+--------+-----+--------+

Top non-repeatable levels by time:
  Lair:5: 1936 daAuts
  Lair:1: 1511 daAuts
  Lair:3: 1461 daAuts
     D:9: 1405 daAuts
  Lair:4: 1350 daAuts
    D:10: 1338 daAuts
     D:1: 1152 daAuts
     D:5: 1124 daAuts
     D:7: 1052 daAuts
  Lair:2: 1051 daAuts
     D:2: 1042 daAuts
  Bailey: 930 daAuts
     D:4: 918 daAuts
     D:3: 913 daAuts
     D:8: 884 daAuts
